 Dungeon Crawl Stone Soup version 0.31-a0-187-gba352fbbf7 (webtiles) character file.

Game seed: 5819287257373670251

81 tsouns the Trooper (level 4, -3/33 (38) HPs)
             Began as a Formicid Monk on June 22, 2023.
             Succumbed to a scorpion's poison
             ... on level 4 of the Dungeon.
             The game lasted 00:03:28 (1870 turns).

tsouns the Trooper (Formicid Monk)                  Turns: 1870, Time: 00:03:29

HP:   -3/33 (38)    AC:  2    Str: 16    XL:     4   Next: 67%
MP:   4/4           EV: 13    Int: 11    God:
Gold: 138           SH:  0    Dex: 16    Spells: 3/3 levels left

rFire   . . .        a - +0 spear
rCold   . . .        d - orb {light}
rNeg    . . .        b - +0 robe
rPois   .            (helmet unavailable)
rElec   .            (no cloak)
rCorr   .            (no gloves)
SInv    +            (no boots)
Will    .....        (no amulet)
Stlth   +            (no ring)
HPRegen 0.25/turn    (no ring)
MPRegen 0.09/turn

%: no passive effects
@: lethally poisoned (-3 -> -21), glowing, heavily drained
A: permanent stasis, dig shafts and tunnels, antennae 3, four strong arms
a: Dig, Shaft Self


You were on level 4 of the Dungeon.
You visited 1 branch of the dungeon, and saw 4 of its levels.

You collected 138 gold pieces.

Inventory:

Hand Weapons
 a - a +0 spear (weapon)
Armour
 b - a +0 robe (worn)
 d - an orb of light (worn)
Jewellery
 m - a ring of resist corrosion
Scrolls
 e - a scroll of poison {unknown}
 f - 2 scrolls of teleportation {unknown}
 g - 2 scrolls of fog {unknown}
 i - a scroll of fear {unknown}
 j - a scroll of revelation {unknown}
 k - 5 scrolls of identify {unknown}


   Skills:
 + Level 4.5 Fighting
 + Level 4.1 Polearms
 - Level 2.6 Dodging


You had 3 spell levels left.
You didn't know any spells.
Your spell library was empty.

Dungeon Overview and Level Annotations

Branches:
Dungeon (4/15)
 Temple: D:4-7

Altars:

Shops:
D:2 :


Innate Abilities, Weirdness & Mutations

You cannot be hasted, slowed, berserked, paralysed or teleported.
You can dig through walls and to a lower floor.
You have a pair of large antennae on your head. (SInv)
Your four strong arms can wield two-handed weapons with a shield.


Message History

The scorpion barely misses you.
You hit the scorpion but do no damage.
The scorpion is moderately wounded.
The scorpion closely misses you.
You hit the scorpion but do no damage.
The scorpion is moderately wounded.
The scorpion stings you.
You hit the scorpion.
The scorpion is moderately wounded.
The scorpion closely misses you.
You hit the scorpion.
The scorpion is heavily wounded.
The scorpion stings you.
You are poisoned.
The scorpion poisons you!
You completely miss the scorpion.
The scorpion is heavily wounded.
You feel very sick. The scorpion closely misses you.
You barely miss the scorpion.
The scorpion is heavily wounded.
You feel sick. The scorpion stings you.
You are lethally poisoned!
The scorpion poisons you!
You barely miss the scorpion.
The scorpion is heavily wounded.
You feel very sick. The scorpion stings you.
* * * LOW HITPOINT WARNING * * *
You hit the scorpion but do no damage.
The scorpion is heavily wounded.
* * * LOW HITPOINT WARNING * * *
You feel very sick. The scorpion stings you.
* * * LOW HITPOINT WARNING * * *
You are more poisoned.
The scorpion poisons you!
You hit the scorpion but do no damage.
The scorpion is heavily wounded.
You die...

# #. #.
...#.##########
....(..>..s@..#
.......(#####.#
....###.# # ..
#.# ##.#
####s#....... {
#...###.###.#
#.##.# ## #.#
#.#


You could see a scorpion.

Vanquished Creatures
  3 adders (D:2)
  A worm (D:2)
  2 dart slugs (D:2)
  An orc (D:3)
  5 ball pythons
  An endoplasm (D:1)
  4 giant cockroaches
  5 hobgoblins
  8 jackals
  3 quokkas
  2 bats
  3 frilled lizards (D:1)
  2 kobolds (D:2)
  A rat (D:2)
41 creatures vanquished.

Notes
Turn   | Place    | Note
-------+----------+-------------------------------------------
     0 | D:1      | tsouns the Formicid Monk began the quest for the Orb.
     0 | D:1      | Reached XP level 1. HP: 18/18 MP: 1/1
   244 | D:1      | Reached XP level 2. HP: 22/24 MP: 2/2
   760 | D:2      | Reached XP level 3. HP: 11/30 MP: 3/3
   901 | D:2      | Found Keme's Book Shoppe.
  1120 | D:2      | Found a faded altar of an unknown god.
  1127 | D:2      | Reached XP level 4. HP: 35/37 MP: 4/4
  1735 | D:3      | You fall into a shaft and drop 1 floor!
  1847 | D:4      | Noticed a scorpion
  1869 | D:4      | HP: 1/33 [scorpion (3)]
  1870 | D:4      | Succumbed to a scorpion's poison

Illustrated notes

Levels and vault maps discovered:
D:1:      dpeg_arrival_concentric_ovals, layout_basic, minmay_gold_behind_fungi
D:2:      layout_basic, shapermc_ecumenical_altar_acropolis, serial_shops, shop,
          minmay_misc_feat_diagonals
D:3:      layout_basic, grunt_temple_overflow_open, xom_butterflies,
          serial_shops, nicolae_shop_trees, uniq_robin
D:4:      layout_loops_ring, mainiacjoe_overflow_brackets, serial_glass,
          glass_columns_a, glass_columns_b, uniq_blork_the_orc

Skill      XL: |  1  2  3  4 |
---------------+-------------+-----
Fighting       | 4 |  4.5
Polearms       | 4 |  4.1
Dodging        | |  2.6

Action                     |  1- 3 |  4- 6 || total
---------------------------+-------+-------++-------
  Melee: Spear             |   124 |    64 ||   188
  Throw: Javelin           |       |     2 ||     2
Ability: Dig               |     1 |     2 ||     3
         Shaft Self        |       |     1 ||     1
    Use: Potion            |       |     4 ||     4
 Armour: Robe              |    13 |     5 ||    18
  Dodge: Dodged            |   100 |    30 ||   130

Table legend: (Time is in decaauts)
 A = Elapsed time spent in this place.
 B = Non-inter-level travel time spent in this place.
 C = Inter-level travel time spent in this place.
 D = Time resting spent in this place.
 E = Time spent auto-exploring this place.
 F = Levels seen in this place.
 G = Mean time per level.
                   A        B        C        D        E       F      G
               +--------+--------+--------+--------+--------+-----+--------+
         Total |   1856 |   1836 |     20 |      0 |   1481 |   4 |  464.0 |
       Dungeon |   1856 |   1836 |     20 |      0 |   1481 |   4 |  464.0 |
               +--------+--------+--------+--------+--------+-----+--------+

Top non-repeatable levels by time:
     D:2: 861 daAuts
     D:1: 798 daAuts
     D:4: 134 daAuts
     D:3: 61 daAuts
